 Dungeon Crawl Stone Soup version 0.27.1 (webtiles) character file.

Game seed: 4178827080498594405

62773 nxtlvl the Severer (level 14, -4/129 HPs)
             Began as a Purple Draconian Berserker on Aug 24, 2021.
             Was a High Priest of Trog.
             Shot with an arrow by a deep elf archer (23 damage)
             ... on level 1 of the Orcish Mines.
             The game lasted 01:15:04 (7289 turns).

nxtlvl the Severer (Purple Draconian Berserker)     Turns: 7289, Time: 01:15:05

Health: -4/129     AC: 19    Str: 22    XL:     14   Next: 65%
Magic:  14/14      EV: 17    Int:  7    God:    Trog [*****.]
Gold:   1004       SH:  0    Dex: 14    Spells: 13/13 levels left

rFire    . . .     SeeInvis .   a - +2 executioner's axe (flame)
rCold    . . .     Faith    .   (shield currently unavailable)
rNeg     . . .     Spirit   .   (armour unavailable)
rPois    .         Reflect  .   (helmet restricted)
rElec    .         Harm     .   (no cloak)
rCorr    .         Rampage  +   (no gloves)
Will     ++++.                  c - +2 pair of boots {rampage}
Stlth    +.........             z - amulet of regeneration
HPRegen  2.31/turn              p - +4 ring of protection
MPRegen  0.14/turn              P - +4 ring of protection

@: strong-willed, on berserk cooldown, regenerating, slowed, very slow
A: breathe power, AC +8, unfitting armour, cold-blooded
a: Breathe Dispelling Energy, Renounce Religion, Berserk, Trog's Hand, Brothers
in Arms


You were on level 1 of the Orcish Mines.
You worshipped Trog.
Trog was extremely pleased with you.
You visited 3 branches of the dungeon, and saw 19 of its levels.
You also visited: Sewer.

You collected 1436 gold pieces.
You spent 432 gold pieces at shops.

Inventory:

Hand Weapons
 a - a +2 executioner's axe of flaming (weapon)
 b - a +0 arbalest
 k - a +4 vorpal broad axe
 w - a +2 vorpal broad axe
Missiles
 j - 60 poisoned darts (quivered)
 y - 122 arrows
 B - 2 javelins
 F - 10 curare-tipped darts
 Q - 2 throwing nets
Armour
 c - a +2 pair of boots of rampaging (worn)
 d - a +0 buckler
Jewellery
 h - an amulet of magic regeneration
 l - a ring of positive energy
 o - a +6 ring of strength
 p - a +4 ring of protection (left hand)
 u - a +6 ring of intelligence
 z - an amulet of regeneration (around neck)
 P - a +4 ring of protection (right hand)
 Z - an amulet of faith
Wands
 O - a wand of mindburst (28)
Scrolls
 e - 3 scrolls of silence {unknown}
 g - 2 scrolls of fear {unknown}
 i - 2 scrolls of acquirement {unknown}
 m - 4 scrolls of blinking
 s - 3 scrolls of teleportation
 x - 5 scrolls of enchant weapon {unknown}
 A - a scroll of magic mapping
 G - 2 scrolls of enchant armour {unknown}
 H - a scroll of summoning {unknown}
 L - 2 scrolls of fog {unknown}
 M - a scroll of vulnerability {unknown}
 R - 3 scrolls of torment {unknown}
Potions
 f - 4 potions of haste
 n - 4 potions of brilliance
 q - 3 potions of invisibility
 r - 5 potions of heal wounds
 t - 13 potions of curing
 v - a potion of lignification
 C - 2 potions of mutation
 D - 3 potions of flight
 E - a potion of berserk rage {unknown}
 K - 2 potions of attraction {unknown}
Miscellaneous
 I - a phial of floods


   Skills:
 + Level 13.0 Fighting
 * Level 18.6 Axes
 + Level 11.3 Dodging
 + Level 4.5 Evocations


You had 13 spell levels left.
You didn't know any spells.
Your spell library was empty.

Dungeon Overview and Level Annotations

Branches:
Dungeon (11/15)            Temple (0/1) D:4            Lair (6/6) D:9
  Snake (0/4) Lair:2        Slime (0/5) Lair:6          Orc (2/2) D:11
    Elf (0/3) Orc:2         Sewer (visited)
  Swamp: Lair:2-4    Shoals: Lair:2-4

Altars:
Fedhas
Gozag
Nemelex Xobeh
Okawaru
Beogh

Shops:
D:5 [   Orc:2 :=((

Annotations:
D:8 Psyche
D:11 3 runed translucent doors, Golfball's ghost, journeyman TrMo
Orc:1 DemonSlayer's ghost, journeyman HuBe


Innate Abilities, Weirdness & Mutations

You can breathe bolts of dispelling energy.
Your rich purple scales are hard. (AC +8)
You cannot fit into any form of body armour.
You are cold-blooded and may be slowed by cold attacks.


Message History

You slice the orc warrior!! You burn the orc warrior.
You slice the orc warrior!! You burn the orc warrior!
You kill the orc warrior!
Trog accepts your kill.
The merfolk javelineer throws a silver javelin.
The silver javelin barely misses you. The orc warrior closely misses you.
You miss the merfolk javelineer.
Your tail-slap misses the merfolk javelineer.
The merfolk javelineer is moderately wounded.
You hit the orc warrior. You burn the orc warrior.
You kill the orc warrior!
Trog accepts your kill.
The deep elf archer blinks!
The merfolk javelineer throws a silver javelin.
The silver javelin pierces through you!
* * * LOW HITPOINT WARNING * * *
x2 You closely miss the merfolk javelineer.
The merfolk javelineer is moderately wounded.
You slice the merfolk javelineer!! You burn the merfolk javelineer!
The merfolk javelineer is almost dead.
The merfolk javelineer throws a silver javelin.
The silver javelin pierces through you.
* * * LOW HITPOINT WARNING * * *
x2 You hit the merfolk javelineer.
You burn the merfolk javelineer. You tail-slap the merfolk javelineer!
You kill the merfolk javelineer!
Trog accepts your kill.
The deep elf archer unwields a +0 dagger.
The deep elf archer wields a +0 longbow.
The deep elf archer shoots an arrow.
The arrow hits you but does no damage.
You feel a strong urge to attack something.
The deep elf archer shoots an arrow.
The arrow hits you.
* * * LOW HITPOINT WARNING * * *
Things that are here:
a +2 long sword of electrocution; an elf corpse You are no longer berserk.
You are exhausted.
You feel yourself slow down.
The deep elf archer shoots an arrow.
The arrow hits you!!
You die...

#.........# ##.....#.
##.......e.##
######....#
............## #.##
##>#..
.........#...###
####..###.....
.........#..)#.##
#.......##.#..
#...#...###.))))#
#........##..[
######.##
##)#.####........#.[[)
##
###)##.............[#
#..@.....##.........
##.......###.......#
###......#.........
###...##.....#...
#........###...
#.#.....# #...
####.... #.#. ##...
###. ### ##


You could see a deep elf archer (repels missiles).

Vanquished Creatures
  An ettin (Orc:2)
  A merfolk javelineer (Orc:1)
  Harold (D:11)
  A hydra (Lair:6)
  Erolcha (D:9)
  2 boulder beetles
  2 ogre magi
  A centaur warrior (Orc:1)
  A catoblepas (Lair:5)
  7 death yaks
  An orc high priest (Orc:2)
  6 two-headed ogres (Orc:2)
  2 tengu warriors (Orc:1)
  A deep elf knight (Orc:1)
  2 deep trolls (Orc:2)
  Pikel (D:4)
  2 orc knights (Orc:2)
  A lindwurm (Lair:6)
  A manticore (D:11)
  3 cyclopes
  19 elephants
  2 black mambas (Lair:2)
  2 centaur zombies (D:10)
  15 cane toads
  3 rime drakes
  A kobold demonologist (D:9)
  6 komodo dragons
  9 trolls
  3 polar bears (Lair:6)
  3 tyrant leeches (Lair:6)
  27 blink frogs
  5 wyverns
  A shadow (D:10)
  33 yaks
  2 basilisks
  5 vampire mosquitoes
  An acid dragon (D:9)
  A warg (Orc:1)
  5 nagas (Lair:2)
  Duvessa (D:4)
  12 water moccasins
  A black bear (D:5)
  Purgy (Sewer)
  13 orc warriors
  19 ogres
  4 centaurs
  A phantom (D:5)
  14 kobold brigands (D:9)
  12 bullfrogs
  3 scorpions
  A gnoll sergeant (D:9)
  A water moccasin zombie (D:6)
  Dowan (D:4)
  2 electric eels (Lair:6)
  A howler monkey (D:9)
  A hound (D:4)
  2 jellies (D:5)
  3 orc priests
  A gnoll shaman (D:9)
  4 iguanas
  20 orc wizards
  12 gnolls
  11 adders
  A howler monkey skeleton (D:5)
  3 shadow imps
  An adder skeleton (D:4)
  2 dart slugs
  41 orcs
  An endoplasm (D:1)
  3 giant cockroaches
  4 goblins
  7 hobgoblins
  6 quokkas (D:4)
  9 ball pythons
  3 bats
  5 frilled lizards
  19 kobolds
  A quokka skeleton (D:4)
  2 rats
  A bush (Lair:6)
431 creatures vanquished.

Vanquished Creatures (collateral kills)
  2 hydras
  5 death yaks
  A torpor snail (Lair:2)
  3 cane toads
  A komodo dragon (Lair:2)
  A rime drake (Lair:2)
  A wyvern (Lair:2)
  3 yaks
  2 nagas (Lair:2)
  2 bullfrogs
  2 kobold brigands (D:9)
23 creatures vanquished.

Vanquished Creatures (others)
  21 fungi
  94 plants
115 creatures vanquished.

Grand Total: 569 creatures vanquished

Notes
Turn   | Place    | Note
-------+----------+-------------------------------------------
     0 | D:1      | nxtlvl the Draconian Berserker began the quest for the Orb.
     0 | D:1      | Reached XP level 1. HP: 19/19 MP: 1/1
   187 | D:1      | Reached XP level 2. HP: 26/26 MP: 2/2
   289 | D:2      | Reached skill level 4 in Axes
   428 | D:2      | Reached ** piety under Trog
   530 | D:2      | Reached XP level 3. HP: 31/31 MP: 3/3
   567 | D:2      | Found a blossoming altar of Fedhas.
   598 | D:3      | Noticed a scorpion
   609 | D:3      | Killed a scorpion
   610 | D:3      | Reached skill level 5 in Axes
   610 | D:3      | Reached XP level 4. HP: 13/38 MP: 4/4
   700 | D:4      | Reached XP level 5. HP: 45/45 MP: 5/5
   701 | D:4      | Reached skill level 6 in Axes
   750 | D:4      | Found a glowing drain.
   793 | D:4      | Noticed Dowan
   794 | D:4      | Noticed Duvessa
   816 | D:4      | Killed Duvessa
   817 | D:4      | Reached skill level 7 in Axes
   817 | D:4      | Reached XP level 6. HP: 14/51 MP: 6/6
   827 | D:4      | Killed Dowan
   839 | Sewer    | Entered a sewer
   857 | Sewer    | Noticed Purgy
   929 | Sewer    | Killed Purgy
  1000 | D:4      | Reached *** piety under Trog
  1033 | D:4      | Reached skill level 8 in Axes
  1033 | D:4      | Your scales start taking on a rich purple colour.
  1033 | D:4      | Reached XP level 7. HP: 47/57 MP: 7/7
  1101 | D:4      | Noticed Pikel
  1103 | D:4      | Found a staircase to the Ecumenical Temple.
  1120 | D:4      | Killed Pikel
  1121 | D:4      | Reached skill level 9 in Axes
  1122 | D:4      | Reached XP level 8. HP: 56/63 MP: 8/8
  1252 | D:5      | Entered Level 5 of the Dungeon
  1276 | D:5      | Reached skill level 10 in Axes
  1308 | D:5      | Found Qupsioqe's Antique Armour Shoppe.
  1411 | D:5      | Reached skill level 11 in Axes
  1492 | D:5      | Found a sparkling altar of Nemelex Xobeh.
  1528 | D:5      | Identified the +7 long sword of the Thirsty Planets
                  | {freeze, +Blink Will+}
  1570 | D:6      | Found a blossoming altar of Fedhas.
  1586 | D:6      | Reached **** piety under Trog
  1807 | D:7      | Found an iron altar of Okawaru.
  1840 | D:7      | Reached XP level 9. HP: 54/71 MP: 9/9
  1975 | D:8      | Found a transporter.
  1975 | D:8      | Found a transporter.
  1975 | D:8      | Noticed a boulder beetle
  2010 | D:8      | Killed a boulder beetle
  2011 | D:8      | Reached skill level 12 in Axes
  2037 | D:8      | Noticed Psyche
  2130 | D:9      | Reached skill level 5 in Fighting
  2170 | D:9      | Noticed a kobold demonologist
  2180 | D:9      | Noticed an orange demon
  2187 | D:9      | Killed a kobold demonologist
  2204 | D:9      | Reached XP level 10. HP: 10/83 MP: 10/10
  2221 | D:9      | Reached skill level 5 in Dodging
  2316 | D:9      | Reached skill level 13 in Axes
  2425 | D:9      | Noticed Erolcha
  2432 | D:9      | Killed Erolcha
  2535 | D:10     | Entered Level 10 of the Dungeon
  2865 | D:9      | Found a staircase to the Lair.
  2885 | Lair:1   | Entered Level 1 of the Lair of Beasts
  2969 | Lair:1   | Noticed a cane toad
  2981 | Lair:1   | Killed a cane toad
  3055 | Lair:2   | Noticed a cane toad
  3062 | Lair:2   | Killed a cane toad
  3063 | Lair:2   | Reached skill level 14 in Axes
  3174 | Lair:2   | Noticed a cane toad
  3179 | Lair:2   | Killed a cane toad
  3180 | Lair:2   | Reached XP level 11. HP: 94/94 MP: 11/11
  3433 | Lair:2   | Noticed a death yak
  3443 | Lair:2   | Killed a death yak
  3471 | Lair:2   | Found a staircase to the Snake Pit.
  3721 | Lair:3   | Reached skill level 15 in Axes
  3723 | Lair:3   | Noticed a four-headed hydra
  3732 | Lair:3   | Killed a four-headed hydra
  3997 | Lair:4   | Reached XP level 12. HP: 82/105 MP: 12/12
  4053 | Lair:4   | Noticed a death yak
  4053 | Lair:4   | Noticed a death yak
  4053 | Lair:4   | Noticed a death yak
  4053 | Lair:4   | Noticed a death yak
  4055 | Lair:4   | Noticed a death yak
  4057 | Lair:4   | Noticed a death yak
  4073 | Lair:4   | Killed a death yak
  4074 | Lair:4   | Killed a death yak
  4078 | Lair:4   | Killed a death yak
  4088 | Lair:4   | Killed a death yak
  4095 | Lair:4   | Killed a death yak
  4096 | Lair:4   | Reached skill level 10 in Fighting
  4105 | Lair:4   | Killed a death yak
  4319 | Lair:5   | Reached skill level 16 in Axes
  4364 | Lair:6   | Entered Level 6 of the Lair of Beasts
  4364 | Lair:6   | Noticed a boulder beetle
  4364 | Lair:6   | Noticed a death yak
  4379 | Lair:5   | Noticed an eight-headed hydra
  4413 | Lair:5   | Killed an eight-headed hydra
  4573 | Lair:6   | Noticed a death yak
  4573 | Lair:6   | Noticed a death yak
  4573 | Lair:6   | Noticed a death yak
  4575 | Lair:6   | Noticed a death yak
  4580 | Lair:6   | Killed a death yak
  4592 | Lair:6   | Killed a death yak
  4594 | Lair:6   | Killed a death yak
  4595 | Lair:6   | Killed a death yak
  4596 | Lair:6   | Reached XP level 13. HP: 116/116 MP: 13/13
  4706 | Lair:6   | Reached skill level 17 in Axes
  4817 | Lair:6   | Reached ***** piety under Trog
  4885 | Lair:6   | Reached skill level 10 in Dodging
  5080 | Lair:6   | HP: 5/118 [blink frog (5)]
  5093 | Lair:5   | You fall into a shaft and drop 1 floor!
  5251 | Lair:6   | Identified the +7 quarterstaff of Qigibaev {freeze, Contam
                  | rElec rPois SInv}
  5270 | Lair:6   | Identified the +4 chain mail of Classification {rC+ Int+7
                  | SInv}
  5324 | Lair:6   | Found a staircase to the Slime Pits.
  6067 | D:11     | Found a runed translucent gate.
  6067 | D:11     | Found a runed translucent gate.
  6067 | D:11     | Found a runed translucent gate.
  6068 | D:11     | Found an opulent altar of Gozag.
  6069 | D:11     | Noticed Golfball's ghost (journeyman TrMo)
  6096 | D:11     | Reached skill level 18 in Axes
  6164 | D:11     | Noticed Harold
  6176 | D:11     | Reached XP level 14. HP: 127/127 MP: 14/14
  6177 | D:11     | Killed Harold
  6181 | D:11     | Reached skill level 1 in Evocations
  6255 | D:11     | Found a staircase to the Orcish Mines.
  6296 | Orc:1    | Entered Level 1 of the Orcish Mines
  6306 | Orc:1    | Received a gift from Trog
  6383 | Orc:2    | Entered Level 2 of the Orcish Mines
  6654 | Orc:1    | Found an iron altar of Okawaru.
  6709 | Orc:1    | You fall into a shaft and drop 1 floor!
  6757 | Orc:1    | Received a gift from Trog
  7036 | Orc:2    | Found Uskoy's Book Shoppe.
  7096 | Orc:2    | Found Heim Qip's Jewellery Emporium.
  7103 | Orc:2    | Found Coycver's Weapon Boutique.
  7112 | Orc:2    | Found Etuusiwe's Antique Weapon Shoppe.
  7131 | Orc:2    | Bought a +4 ring of protection for 432 gold pieces
  7164 | Orc:2    | Found a staircase to the Elven Halls.
  7249 | Orc:1    | Found a runed translucent gate.
  7250 | Orc:1    | Found a runed translucent gate.
  7251 | Orc:1    | Found a runed translucent gate.
  7252 | Orc:1    | Noticed DemonSlayer's ghost (journeyman HuBe)
  7258 | Orc:1    | Found the +7 lajatang of Order {silver, rMut}
  7259 | Orc:1    | Found an iron altar of Okawaru.
  7289 | Orc:1    | Shot with an arrow by a deep elf archer

Illustrated notes

Levels and vault maps discovered:
D:1:      sevenhm_arrival_forest_fort_small_5, layout_basic, feat_on_display
D:2:      minmay_chambers_of_ones, layout_loops_corners, basic_altar,
          serial_bayou_lagoon_a, grunt_decor_junction, uniq_crazy_yiuf_cottage
D:3:      layout_rooms
D:4:      layout_layer_cave, minmay_temple_entry_tees, portal_sewer_entry_f,
          uniq_pikel, uniq_duvessa, uniq_blork_the_orc, uniq_menkaure
D:5:      layout_rooms, lemuel_tele_altar, serial_shops, shop_statue,
          grunt_ministairs_13, minmay_fractal_squares_gapless_5
D:6:      layout_basic, fedhas_altar_2, kennysheep_mini_moat, minmay_door_square
D:7:      lemuel_ratsnest, layout_cave_pools,
          chequers_temple_overflow_statue_of_worship,
          mainiacjoe_overflow_surrounded_room
D:8:      gammafunk_boulding_lane, layout_layer_cave,
          mainiacjoe_overflow_small_starburst, minmay_radiant, uniq_gastronok,
          uniq_psyche, uniq_erica
D:9:      layout_roguey [special_room_kobold], david_lair_shrubbed, uniq_erolcha
D:10:     layout_basic, serial_corexii_hall, chequers_hall_statues_y,
          corexii_hall_statues_u, kennysheep_generic_room_13
D:11:     layout_long_grid, david_orc_3, ebering_ghost_gozag, uniq_harold
Lair:1:   layout_roguey, cheibrodos_lair_reptile_den, serial_bayou_shore_a,
          uniq_fannar
Lair:2:   layout_hall_layers, minmay_snake_entry_guardpost_medium,
          grunt_megastairs_4
Lair:3:   layout_concentric_octagons, minmay_shoals_entry_lonely_mermaid,
          chequers_serial_rivers_micro_c, grunt_megastairs_2
Lair:4:   beast_lair_carwin_large_1, layout_loops_ring, gammafunk_lair_bear_cave
Lair:5:   layout_cellular_growth, infiniplex_staircase_pool, grunt_megastairs_1
Lair:6:   minmay_lair_end_frog_pond, layout_gridlike, slime_dummy, minivault_19
Orc:1:    layout_diamond_mine, gammafunk_ghost_fury_of_okawaru, basic_altar,
          okawaru_metal_pillars_3
Orc:2:    st_orc_open, layout_caves

Skill      XL: |  1  2  3  4  5  6  7  8  9 10 11 12 13 14 |
---------------+-------------------------------------------+-----
Axes           | 4 5 7 8 9 11 12 14 15 16 18 | 18.6
Dodging        | 3 4 6 8 9 10 11 | 11.3
Fighting       | 5 7 9 11 12 13 | 13.0
Evocations     | 4 |  4.5

Action                   |  1- 3 |  4- 6 |  7- 9 | 10-12 | 13-15 || total
-------------------------+-------+-------+-------+-------+-------++-------
Melee: Hand axe          |    76 |   100 |    29 |       |       ||   205
       Tailslap          |     6 |    16 |    24 |    77 |   104 ||   227
       War axe           |       |       |    93 |       |       ||    93
       Broad axe         |       |       |    47 |   363 |   341 ||   751
       Halberd           |       |       |       |       |     4 ||     4
       Executioner's axe |       |       |       |       |   181 ||   181
Throw: Dart              |       |     6 |    11 |       |       ||    17
Invok: Berserk           |     4 |     3 |     9 |    24 |    14 ||    54
       Trog's Hand       |       |       |     1 |     2 |     1 ||     4
       Brothers in Arms  |       |       |       |    10 |     3 ||    13
 Abil: Breathe Dispellin |       |       |    12 |     7 |     3 ||    22
  Use: Potion            |       |     2 |       |     1 |     3 ||     6
       Scroll            |       |     2 |       |     4 |     7 ||    13
 Stab: Distracted        |       |       |       |     1 |       ||     1
Armor: Skin              |    33 |    23 |    50 |   140 |   155 ||   401
Dodge: Dodged            |    59 |    54 |    91 |   250 |   398 ||   852
Block: Buckler           |       |       |       |    39 |       ||    39
